Map: Amphion LE

Players

GoGators

  • Race: Zerg Zerg
  • League: Diamond
  • Spawn Location: 7:00

DaSaltBai - Winner!

  • Race: Protoss Protoss
  • League: Diamond
  • Spawn Location: 11:00

VOD

Have the link to the VOD?

Description

Time

  • Played on: July 6, 2024, 9:30 p.m.
  • Length: 32:53
Show
View Real Time Build Order
Export as new Build Order

GoGators Zerg 

Build Orders: Hatch First 

Get SALT Encoding   

  12  0:00  Drone  
  13  0:12  Overlord  
  13  0:17  Drone  
  14  0:30  Drone x2  
  16  0:50  Drone  
  17  0:57  Drone x2  
  19  1:12  Drone  
  19  1:14  Extractor  
  19  1:16  Hatchery  
  19  1:18  Spawning Pool  
  17  1:26  Drone  
  17  1:28  Drone  
  19  1:38  Overlord  
  19  1:49  Drone  
  20  2:06  Zergling x2  
  21  2:09  Queen  
  23  2:16  Metabolic Boost  
  23  2:21  Zergling x2  
  24  2:27  Queen  
  24  2:28  Zergling x2  
  24  2:29  Zergling x2  
  26  2:49  Zergling x8  
  26  2:50  Spine Crawler  
  26  2:51  Spine Crawler  
  27  3:12  Extractor  
  25  3:21  Queen  
  25  3:26  Roach Warren  
  23  3:41  Drone x2  
  23  3:42  Drone  
  23  3:45  Drone  
  27  4:08  Drone  
  27  4:09  Drone  
  29  4:27  Lair  
  29  4:43  Drone  
  30  5:04  Overlord x4  
  28  5:29  Roach x3  
  28  5:30  Nydus Network  
  33  5:38  Roach x3  
  39  5:56  Roach  
  41  6:10  Roach x4  
  49  6:15  Nydus Canal  
  49  6:37  Roach x2  
  49  6:38  Roach x4  
  54  7:09  Roach x4  
  62  7:49  Queen  
  58  7:59  Hydralisk Den  
  58  8:04  Glial Reconstitution  
  51  8:28  Queen  
  51  8:30  Hatchery  
  52  8:36  Hydralisk x4  
  52  8:39  Overlord  
  60  8:42  Hatchery  
  59  9:02  Nydus Canal  
  59  9:05  Hydralisk x2  
  59  9:53  Hydralisk x5  
  69  10:10  Hydralisk  
  69  10:11  Hydralisk  
  73  10:21  Nydus Canal  
  73  10:47  Spine Crawler  
  72  10:50  Spore Crawler  
  71  11:00  Drone x3  
  42  11:34  Drone  
  42  11:35  Drone x9  
  42  11:57  Roach x4  
  40  12:08  Drone  
  40  12:09  Drone x4  
  40  12:14  Roach  
  43  12:17  Queen  
  45  12:31  Ravager  
  45  12:43  Drone x2  
  47  12:46  Drone x10  
  57  12:54  Overlord  
  57  12:57  Queen  
  59  13:00  Grooved Spines  
  59  13:03  Evolution Chamber  
  59  13:04  Evolution Chamber  
  57  13:12  Drone x2, Extractor  
  58  13:13  Drone x2  
  58  13:14  Drone x2, Extractor  
  58  13:16  Drone  
  58  13:18  Drone  
  63  13:29  Zerg Missile Weapons Level 1  
  63  13:31  Zerg Ground Armor Level 1  
  63  13:34  Overlord  
  63  13:35  Overlord x2  
  63  13:38  Hydralisk  
  65  13:46  Hydralisk  
  65  13:47  Hydralisk x2  
  71  13:50  Muscular Augments  
  71  13:52  Hydralisk x2  
  74  14:01  Hydralisk x2  
  74  14:12  Hydralisk x2  
  70  14:27  Hydralisk Den  
  70  14:30  Extractor x2  
  67  14:32  Hydralisk  
  69  14:44  Hydralisk  
  69  14:59  Drone x7  
  76  15:05  Hatchery  
  75  15:08  Drone  
  76  15:24  Overlord x3  
  76  15:25  Overlord x2  
  76  15:44  Drone x2, Spawning Pool  
  77  16:03  Drone x6  
  83  16:06  Hatchery  
  83  16:10  Drone  
  83  16:11  Drone  
  84  16:12  Drone  
  84  16:14  Drone  
  86  16:38  Lair  
  86  16:45  Hydralisk x7  
  86  16:46  Hydralisk x4  
  104  16:55  Drone  
  105  17:07  Hydralisk x8  
  121  17:10  Overlord x5  
  121  17:19  Spore Crawler  
  121  17:20  Spore Crawler x2  
  118  17:23  Drone  
  118  17:25  Drone  
  118  17:27  Drone x3  
  118  17:28  Drone  
  124  17:30  Queen  
  124  17:31  Spore Crawler  
  125  17:39  Drone x8  
  125  17:41  Drone  
  134  17:45  Zerg Missile Weapons Level 2  
  134  18:14  Overlord x2  
  134  18:15  Roach x11  
  156  18:26  Roach x6  
  168  18:29  Overlord x2  
  156  18:45  Roach x9  
  132  18:58  Roach x8  
  132  19:04  Zergling x4  
  132  19:05  Zergling x10  
  132  19:09  Hydralisk x2  
  121  19:17  Hydralisk x4  
  131  19:33  Drone x5  
  131  19:35  Drone  
  131  19:36  Drone x3, Extractor  
  131  19:37  Extractor  
  138  19:41  Drone  
  138  19:42  Infestation Pit, Hatchery  
  137  19:46  Spire  
  137  19:47  Drone x2  
  137  19:48  Drone  
  139  19:53  Drone x4  
  139  19:54  Drone  
  143  20:05  Drone x4  
  143  20:06  Drone x7  
  147  20:15  Drone x8  
  154  20:39  Extractor  
  153  20:43  Extractor  
  154  21:01  Hatchery  
  153  21:05  Hive  
  153  21:07  Corruptor x8  
  153  21:08  Corruptor x3  
  153  21:09  Corruptor  
  175  21:12  Corruptor  
  147  21:57  Hydralisk x2  
  147  21:58  Hydralisk x23  
  177  22:11  Zergling x12  
  163  22:22  Hydralisk x4  
  171  22:31  Spire  
  148  22:49  Extractor x2  
  146  22:52  Hydralisk x6  
  146  22:57  Lair  
  158  23:01  Infestation Pit  
  158  23:03  Overlord x4  
  158  23:04  Overlord x3  
  142  23:43  Corruptor x6  
  142  23:44  Corruptor x6  
  148  23:58  Hydralisk x9  
  166  24:08  Overlord x3  
  166  24:09  Overlord x2  
  123  24:35  Hydralisk  
  123  24:36  Hydralisk x12  
  121  24:50  Lair  
  118  24:55  Hydralisk x5  
  122  25:11  Drone x7  
  122  25:12  Drone  
  126  25:27  Infestation Pit  
  125  25:54  Hatchery  
  125  25:57  Drone x4  
  126  25:58  Drone  
  126  25:59  Drone, Roach Warren  
  129  26:07  Hive  
  129  26:16  Spire  
  125  26:26  Overseer x2  
  125  26:51  Hydralisk x2  
  125  26:52  Hydralisk x8  
  145  27:02  Hatchery  
  144  27:09  Pneumatized Carapace  
  144  27:28  Swarm Host, Corruptor, Greater Spire  
  144  27:29  Corruptor x7  
  163  27:43  Corruptor  
  163  27:44  Corruptor x2  
  169  27:57  Hydralisk  
  169  27:58  Hydralisk x2  
  129  28:09  Hydralisk x2  
  119  28:17  Hydralisk x2  
  119  28:19  Queen  
  111  28:21  Queen  
  111  28:22  Queen  
  87  28:40  Brood Lord x10  
  107  28:43  Zergling x14  
  114  29:00  Drone  
  115  29:12  Hatchery  
  114  29:26  Zergling x22  
  125  29:43  Zergling x2  
  125  29:44  Zergling x8  
  130  29:46  Spine Crawler x2  
  128  29:53  Drone  
  128  29:54  Drone x5  
  133  30:11  Corruptor x6  
  134  30:25  Zergling x12  
  121  30:36  Corruptor  
  121  30:37  Corruptor  
  115  30:54  Zergling x4  
  115  30:55  Zergling x18  
  113  31:04  Extractor  
  113  31:05  Hatchery  
  113  31:08  Extractor  
  80  32:05  Zergling x26  
  80  32:06  Zergling x18  
  93  32:19  Zergling x12  
Show
View Real Time Build Order
Export as new Build Order

DaSaltBai Protoss - Winner!

Build Orders:  

Get SALT Encoding   

  12  0:01  Probe  
  13  0:13  Pylon  
  13  0:19  Probe (Chrono Boost)  
  15  0:29  Probe (Chrono Boost)  
  15  0:46  Pylon  
  15  0:50  Pylon  
  15  1:08  Gateway  
  15  1:10  Gateway  
  15  1:20  Gateway  
  15  1:33  Gateway  
  15  1:54  Forge  
  15  1:59  Zealot (Chrono Boost)  
  17  2:02  Zealot (Chrono Boost)  
  21  2:19  Zealot (Chrono Boost)  
  23  2:25  Zealot (Chrono Boost)  
  23  2:34  Gateway  
  22  2:41  Zealot  
  24  2:49  Probe  
  25  3:00  Photon Cannon  
  25  3:14  Gateway  
  25  3:40  Cybernetics Core  
  25  3:42  Assimilator  
  25  3:47  Assimilator  
  25  3:48  Photon Cannon  
  25  3:53  Probe  
  26  4:00  Pylon  
  26  4:05  Probe  
  26  4:30  Pylon  
  25  4:48  Pylon  
  25  4:52  Gateway  
  25  4:57  Probe (Chrono Boost)  
  26  5:06  Probe (Chrono Boost)  
  27  5:11  Probe (Chrono Boost)  
  28  5:22  Stargate  
  28  5:23  Probe  
  29  6:06  Nexus  
  29  6:09  Pylon  
  33  6:14  Void Ray (Chrono Boost)  
  33  6:30  Shield Battery  
  33  6:33  Photon Cannon  
  25  6:40  Photon Cannon  
  25  6:42  Shield Battery  
  24  7:33  Probe  
  25  7:38  Assimilator  
  25  7:59  Probe  
  26  8:11  Assimilator, Probe  
  26  8:12  Probe  
  28  8:23  Probe, Pylon  
  28  8:24  Probe  
  28  8:26  Photon Cannon  
  30  8:33  Pylon  
  30  8:35  Probe  
  30  8:38  Probe  
  30  8:39  Robotics Facility  
  32  8:48  Probe (Chrono Boost)  
  33  8:50  Probe (Chrono Boost)  
  34  8:59  Probe (Chrono Boost)  
  34  9:00  Probe (Chrono Boost)  
  36  9:03  Probe (Chrono Boost)  
  36  9:04  Probe (Chrono Boost)  
  38  9:14  Probe  
  38  9:16  Probe  
  44  9:26  Probe, Observer (Chrono Boost)  
  44  9:28  Probe  
  43  9:38  Fleet Beacon  
  43  9:39  Photon Cannon  
  43  9:43  Pylon  
  43  9:46  Photon Cannon  
  43  9:59  Assimilator, Stargate  
  43  10:02  Photon Cannon  
  43  10:04  Pylon  
  43  10:12  Immortal (Chrono Boost)  
  47  10:23  Tempest (Chrono Boost)  
  52  10:36  Shield Battery  
  52  10:43  Pylon  
  59  11:32  Pylon  
  53  11:34  Pylon  
  53  11:41  Pylon, Immortal  
  53  11:54  Tempest (Chrono Boost)  
  53  12:00  Pylon  
  53  12:09  Pylon  
  53  12:20  Immortal  
  53  12:21  Tempest (Chrono Boost)  
  62  12:31  Nexus  
  62  12:33  Pylon  
  62  12:40  Robotics Bay  
  62  12:45  Photon Cannon  
  62  12:57  Tempest x2  
  72  13:05  Observer  
  72  13:12  Robotics Facility  
  72  13:38  Disruptor  
  76  13:45  Photon Cannon  
  76  13:47  Photon Cannon  
  76  13:49  Photon Cannon  
  76  14:06  Probe  
  77  14:11  Assimilator  
  77  14:14  Disruptor  
  77  14:15  Assimilator  
  81  14:18  Probe  
  82  14:30  Probe  
  83  14:42  Probe  
  84  14:47  Probe  
  84  14:48  Probe  
  86  14:54  Probe  
  88  15:00  Probe  
  88  15:06  Probe  
  89  15:15  Pylon  
  89  15:16  Disruptor x2  
  89  15:20  Oracle x2  
  103  15:34  Gateway  
  103  15:35  Gateway  
  103  15:37  Gateway  
  103  15:38  Gateway  
  103  15:40  Warp Gate, Gateway x2  
  103  15:45  Probe  
  103  15:47  Gateway  
  103  15:49  Pylon, Shield Battery  
  104  15:52  Photon Cannon  
  104  15:56  Photon Cannon  
  104  16:21  Pylon x2  
  104  16:22  Pylon, Extended Thermal Lance  
  104  16:24  Pylon  
  110  16:33  Mothership (Chrono Boost)  
  107  16:59  Stalker x7  
  122  17:09  Twilight Council  
  122  17:13  Probe (Chrono Boost)  
  122  17:20  Probe  
  123  18:26  Stalker x3  
  123  18:27  Stalker x4  
  83  19:06  Stalker x5  
  83  19:07  Stalker x2  
  95  19:17  Mothership  
  95  19:23  Pylon  
  95  19:24  Pylon, Photon Cannon  
  95  19:32  Stalker x7  
  95  19:35  Tempest x2  
  119  19:40  Nexus  
  119  19:42  Pylon  
  119  19:44  Colossus  
  122  20:16  Stalker x6  
  134  20:28  Colossus  
  140  20:35  Photon Cannon  
  140  21:01  Stalker x6  
  140  21:02  Sentry  
  154  21:25  Sentry x4  
  162  21:36  Dark Shrine  
  122  22:40  Colossus x2  
  134  22:54  Stalker x6  
  142  23:33  Colossus  
  142  23:34  Colossus  
  86  24:47  Stalker x4  
  86  24:48  Stalker x3  
  86  24:49  Tempest x2  
  110  24:58  Immortal x2  
  106  25:20  Stalker x5  
  106  25:21  Stalker  
  108  25:22  Dark Templar  
  110  25:29  Assimilator  
  110  25:30  Assimilator  
  114  25:46  Dark Templar x3  
  120  25:58  Stalker x2  
  120  26:02  Disruptor  
  124  26:09  Probe x2  
  126  26:21  Probe x2  
  128  26:36  Disruptor  
  128  26:37  Stalker x3  
  128  26:38  Stalker  
  140  26:53  Stalker x2  
  144  27:20  Nexus  
  144  27:21  Archon  
  144  27:22  Archon  
  144  27:29  Stalker  
  110  28:33  Observer  
  111  28:40  Assimilator, Probe  
  112  28:46  Probe x3  
  115  28:53  Probe  
  115  28:54  Assimilator, Tempest x2  
  126  28:58  Probe  
  126  29:00  Dark Templar x4  
  141  29:05  Probe  
  141  29:06  Pylon  
  141  29:08  Mothership  
  142  29:10  Shadow Stride  
  142  29:13  Nexus  
  142  29:23  Stalker x3  
  140  29:53  Zealot x7  
  154  30:05  Charge  
  154  30:16  Zealot x6  
  138  30:37  Void Ray  
  138  30:38  Void Ray  
  132  31:18  Stargate x2  
  136  31:20  Void Ray  
  136  31:42  Assimilator  
  136  31:44  Assimilator  
  110  32:08  Void Ray x2  
Tags
 
Add a new tag
Caveats
  • Supply blocks, unpowered buildings, or Contaminate may cause inaccurate times.
  • Supply counts are checked every 10 seconds.